 Dungeon Crawl Stone Soup version 0.19.5 (webtiles) character file.

285 Firecrotchwizard the Chopper (level 6, -1/55 HPs)
             Began as a Minotaur Berserker on Apr 23, 2017.
             Was a Believer of Trog.
             Killed from afar by Sigmund (8 damage)
             ... with a puff of flame
             ... on level 3 of the Dungeon.
             The game lasted 00:04:40 (2525 turns).

Firecrotchwizard the Chopper (Minotaur Berserker)   Turns: 2525, Time: 00:04:41

Health: -1/55      AC:  9    Str: 22    XL:     6   Next: 7%
Magic:  5/5        EV:  9    Int:  4    God:    Trog [**....]
Gold:   59         SH:  0    Dex: 11    Spells: 0 memorised, 5 levels left

rFire  . . .     SeeInvis .     m - +0 war axe
rCold  . . .     Gourm    .     h - +0 chain mail
rNeg   . . .     Faith    .     (no shield)
rPois  .         Spirit   .     (helmet restricted)
rElec  .         Reflect  .     (no cloak)
rCorr  .         Harm     .     (no gloves)
MR     .....                    (no boots)
Stlth  ..........               (no amulet)
                                (no ring)
                                (no ring)

@: lethally poisoned (-1 -> -3)
A: retaliatory headbutt, horns 2
a: Berserk, Trog's Hand, Burn Spellbooks, Renounce Religion


You were on level 3 of the Dungeon.
You worshipped Trog.
Trog was pleased with you.
You were hungry.

You visited 1 branch of the dungeon, and saw 3 of its levels.

You collected 59 gold pieces.

Inventory:

Hand Weapons
 a - a +1 hand axe
 j - a +1 dagger of venom
   (You found it on level 2 of the Dungeon)
 m - a +0 war axe (weapon)
   (You took it off an orc on level 3 of the Dungeon)
 q - a +1 dagger of pain
   (You took it off an orc priest on level 3 of the Dungeon)
Missiles
 b - a throwing net {=f, !d}
Armour
 h - a +0 chain mail (worn)
   (You took it off Ijyb on level 2 of the Dungeon)
 k - a +0 ring mail of magic resistance
   (You took it off a goblin on level 2 of the Dungeon)
Scrolls
 d - a scroll of identify {unknown}
 f - a scroll of noise {!r}
 n - a scroll of random uselessness {unknown}
Potions
 e - 2 potions of agility {unknown}
 g - a potion of haste {unknown}
 o - 2 potions of lignification {unknown}
 p - 2 potions of cure mutation {unknown}
Comestibles
 c - 2 bread rations {@e1}
 i - 8 chunks of flesh {@w0}
 l - a meat ration {@e2}


   Skills:
 + Level 4.9 Fighting
 + Level 5.2 Axes
 + Level 4.4 Armour
 + Level 3.9 Dodging


You had 5 spell levels left.
You didn't know any spells.

Dungeon Overview and Level Annotations

Branches:
Dungeon (3/15)

Altars:
Ashenzari

Annotations:
D:3 Sigmund


Innate Abilities, Weirdness & Mutations

You reflexively headbutt those who attack you in melee.
You have a pair of horns on your head.


Message History

a leather armour; a dagger; a robe; a mace; an orc skeleton x2
Items here: )) [[ ÷÷ a leather armour; a dagger; a robe; a mace; an orc skeleton x2
You see here a mace.
You open the door.
There is an open door here.
Things that are here:
a flail; a ring mail
Items here: )) [[ ÷÷ a leather armour; a dagger; a robe; a mace; an orc skeleton x2
Found a stone staircase leading down.
No target in view!
An orc priest comes into view.
The orc priest shouts!
The orc priest miscasts a cantrip.
The orc priest calls down the wrath of Beogh upon you.
Beogh smites you!
You take 14 damage, and have 33/47 hp.
MASSIVE DAMAGE!!
An orc comes into view.
It is wielding a whip of venom. 3 orcs and Sigmund come into view.
Sigmund is wielding a scythe of slicing.
Sigmund shouts!
The orc shouts! x3
Sigmund points at you and mumbles some strange words.
The magic dart hits you!
You take 1 damage, and have 32/47 hp.
Your skin crawls.
You feel resistant to hostile enchantments.
You are feeling hungry.
Your chain mail prevents you from hitting the orc priest.
You completely miss the orc.
The orc priest mumbles some strange prayers to Beogh against you.
Beogh smites you! The orc barely misses you.
You take 9 damage, and have 24/47 hp.
You closely miss the orc priest. You hit the orc but do no damage.
Sigmund barely misses you. The orc priest hits you.
The orc hits you but does no damage.
A worm comes into view.
You barely miss the orc priest. You headbutt the orc priest! You hit the orc.
The orc priest hits you but does no damage.
Sigmund closely misses you.
You hit the orc priest.
You kill the orc priest!
Trog accepts your kill.
You have reached level 6!
Your experience leads to an increase in your attributes!
Increase (S)trength, (I)ntelligence, or (D)exterity?
You feel agile.
You barely miss the orc.
Sigmund hits you from afar with a scythe of slicing.
The orc hits you but does no damage.
You are poisoned.
You take 2 damage, and have 23/55 hp.
MP restored: 5 You feel sick.
You slash the orc!
You kill the orc!
Trog accepts your kill.
You feel sick.
You closely miss the orc. The orc closely misses you.
Sigmund flickers, as though insubstantial.
Sigmund hits you but does no damage.
You regained 2 hp, and now have 26/55 hp.
You hit the orc. You headbutt the orc.
You kill the orc!
Trog accepts your kill.
You feel sick. Sigmund closely misses you.
You barely miss the orc.
You feel the effects of Trog's Hand fading.
You feel sick. The orc hits you but does no damage. The orc closely misses you.
You slash the orc!
You kill the orc!
Trog accepts your kill. Sigmund hits you but does no damage.
You regained 2 hp, and now have 28/55 hp.
Sigmund gestures wildly while chanting.
Sigmund flickers and vanishes!
Deactivating autopickup; reactivate with Ctrl-A.
Items here: ))) [[[ † You closely miss something.
You feel sick. Something hits you.
You take 6 damage, and have 23/55 hp.
You closely miss something. You headbutt something.
You hear some strange, mumbled words.
A magic dart appears from out of thin air!
The magic dart hits you!
You take 2 damage, and have 21/55 hp.
You closely miss something.
Your skin stops crawling.
You feel less resistant to hostile enchantments.
You feel sick. Something hits you.
You take 4 damage, and have 17/55 hp.
Your chain mail prevents you from hitting something.
Something hits you!
* * * LOW HITPOINT WARNING * * *
x2 You take 11 damage, and have 6/55 hp.
You closely miss something. You headbutt something.
You hear some strange, mumbled words.
A puff of flame appears from out of thin air!
The puff of flame hits you!
You die...

#..##.# #..##.#
##########..##.#
.............#.#
############.#.#
#...# ##..#
#############..####
#............#>.@.#
#............####{#
#............


ow. '............ ..... #............ ....... #............ ....... #<..........
....... #........... ....$.. #........... You could see a worm and an orc.

Vanquished Creatures
  An orc wizard (D:3)
  2 orc priests (D:3)
  Jessica (D:2)
  Ijyb (D:2)
  4 gnolls (D:2)
  3 adders (D:2)
  A worm (D:2)
  2 dart slugs (D:1)
  2 leopard geckos (D:2)
  7 orcs (D:3)
  3 ball pythons
  3 bats
  3 giant cockroaches
  8 hobgoblins
  7 jackals
  7 kobolds
  A quokka (D:2)
  3 frilled lizards
  4 goblins
  3 rats (D:1)
66 creatures vanquished.

Notes
Turn   | Place    | Note
-------+----------+-------------------------------------------
     0 | D:1      | Firecrotchwizard the Minotaur Berserker began the quest for the Orb.
     0 | D:1      | Reached XP level 1. HP: 19/19 MP: 0/0
    76 | D:1      | Reached XP level 2. HP: 22/27 MP: 1/1
   329 | D:1      | Reached skill level 3 in Armour
   381 | D:1      | Reached skill level 4 in Axes
   381 | D:1      | Reached XP level 3. HP: 24/33 MP: 2/2
   730 | D:2      | Reached skill level 4 in Fighting
   737 | D:2      | Reached ** piety under Trog
   773 | D:2      | Noticed Ijyb
   790 | D:2      | Killed Ijyb
   790 | D:2      | Reached skill level 3 in Dodging
   790 | D:2      | Reached XP level 4. HP: 26/40 MP: 3/3
   897 | D:2      | Noticed Jessica
   903 | D:2      | Killed Jessica
  1090 | D:2      | Reached XP level 5. HP: 16/47 MP: 4/4
  2200 | D:2      | Reached skill level 4 in Armour
  2207 | D:2      | Found a shattered altar of Ashenzari.
  2345 | D:3      | Reached skill level 5 in Axes
  2508 | D:3      | Noticed Sigmund
  2513 | D:3      | Reached XP level 6. HP: 30/55 MP: 5/5
  2524 | D:3      | HP: 7/55 [something (10)]
  2525 | D:3      | Killed from afar by Sigmund

Skill      XL: |  1  2  3  4  5 |
---------------+----------------+-----
Armour         | 3 4 |  4.4
Axes           | 4 5 |  5.2
Fighting       | 4 |  4.9
Dodging        | 3 |  3.9

Action                   |  1- 3 |  4- 6 || total
-------------------------+-------+-------++-------
Melee: Hand axe          |    67 |    80 ||   147
       Headbutt          |    13 |    20 ||    33
       War axe           |       |    32 ||    32
Invok: Trog's Hand       |     1 |     1 ||     2
  Use: Scroll            |       |     4 ||     4
 Stab: Sleeping          |     1 |       ||     1
  Eat: Chunk             |       |     5 ||     5
Armor: Animal skin       |     8 |       ||     8
       Chain mail        |       |    47 ||    47
Dodge: Dodged            |    47 |    68 ||   115

Vault maps used:
D:1:      dpeg_arrival_rooms_with_view
D:2:      lemuel_coloured_pillars_altar, kennysheep_generic_room_15, uniq_iyjb,
          uniq_jessica
D:3:      uniq_natasha, uniq_robin, uniq_sigmund

Table legend:
 A = Turns spent in this place as a percentage of turns spent in the entire game.
 B = Non-inter-level travel turns spent in this place as a percentage of non-inter-level travel turns spent in the entire game.
 C = Inter-level travel turns spent in this place as a percentage of turns spent in this place.
 D = Turns resting spent in this place as a percentage of non-inter-level travel turns spent in this place.
 E = Turns spent auto-exploring this place as a percentage of non-inter-level travel turns spent in this place.
 F = Non-inter-level travel turns spent in this place divided by the number of levels of this place that you've seen.
                   A       B       C       D       E      F
               +-------+-------+-------+-------+-------+----------------------
         Total | 100.0 | 100.0 |   0.4 |   3.0 |  12.9 | 178.3
       Dungeon | 100.0 | 100.0 |   0.4 |   3.0 |  12.9 | 178.3
               +-------+-------+-------+-------+-------+----------------------

Table legend:
 A = Kills in this place as a percentage of kills in entire the game.
 B = Kills by you in this place as a percentage of kills by you in the entire game.
 C = Kills by friends in this place as a percentage of kills by friends in the entire game.
 D = Other kills in this place as a percentage of other kills in the entire game.
 E = Experience gained in this place as a percentage of experience gained in the entire game.
 F = Experience gained in this place divided by the number of levels of this place that you have seen.
                   A       B       C       D       E      F
               +-------+-------+-------+-------+-------+----------------------
         Total | 100.0 | 100.0 |  -nan |  -nan | 100.0 | 136.0
       Dungeon | 100.0 | 100.0 |  -nan |  -nan | 100.0 | 136.0
               +-------+-------+-------+-------+-------+----------------------
